Map: Одиссея РВ

Players

Murena

  • Race: Terran Terran
  • Spawn Location: 11:00

ИИ 1 (эксперт) - Winner!

  • Race: Protoss Protoss
  • Spawn Location: 5:00

VOD

Have the link to the VOD?

Description

Time

  • Played on: March 29, 2019, 9:31 a.m.
  • Length: 7:39
Show
View Real Time Build Order
Export as new Build Order

Murena Terran 

Build Orders: Command Center First (CC) 

Get SALT Encoding   

  12  0:00  SCV  
  13  0:13  SCV  
  14  0:20  Supply Depot  
  14  0:25  SCV  
  15  0:29  Refinery  
  15  0:43  SCV  
  16  0:55  SCV  
  17  1:11  Command Center  
  17  1:25  Barracks  
  17  1:29  SCV  
  18  1:41  SCV  
  20  1:54  SCV  
  20  2:06  SCV  
  21  2:12  Marine  
  22  2:19  Orbital Command  
  22  2:25  Orbital Command, Bunker  
  22  2:31  Barracks Reactor  
  22  2:37  Factory  
  22  2:44  Barracks  
  22  2:46  Refinery  
  22  2:48  SCV  
  23  2:53  SCV  
  24  3:01  SCV  
  25  3:08  SCV  
  25  3:10  Marine x2  
  28  3:14  SCV  
  28  3:19  Supply Depot  
  29  3:20  Factory Reactor  
  29  3:22  SCV  
  29  3:27  Factory, SCV  
  31  3:28  Marine  
  31  3:29  Marine  
  31  3:33  Barracks Tech Lab  
  33  3:35  SCV  
  33  3:41  SCV, Supply Depot  
  34  3:47  Marine x2  
  37  3:51  Combat Shield  
  37  3:52  Marauder  
  37  3:54  SCV  
  40  3:56  SCV  
  40  3:58  Hellion  
  40  4:00  Widow Mine  
  45  4:05  Marine  
  45  4:06  Marine  
  45  4:09  SCV  
  48  4:10  SCV  
  48  4:11  Factory Tech Lab  
  48  4:16  Marauder  
  51  4:17  Supply Depot  
  51  4:22  Widow Mine  
  51  4:23  SCV  
  54  4:28  Starport  
  54  4:37  Supply Depot  
  54  4:39  Siege Tank  
  54  4:40  Hellion  
  54  4:41  Marine x2  
  61  4:46  SCV  
  62  4:55  Supply Depot  
  62  4:57  Engineering Bay  
  62  4:59  SCV x2  
  64  5:00  Marine x2  
  64  5:03  Hellion  
  64  5:04  Hellion  
  64  5:05  Starport Reactor  
  70  5:11  Supply Depot  
  70  5:17  Marauder  
  70  5:18  Siege Tank  
  70  5:20  Marine x2  
  77  5:21  SCV  
  77  5:23  Terran Infantry Weapons Level 1  
  78  5:29  Supply Depot  
  78  5:32  Refinery  
  78  5:35  SCV x2  
  80  5:36  Refinery  
  80  5:37  Hellion x2  
  80  5:40  Marine x2  
  86  5:47  Armory  
  86  5:49  Missile Turret  
  86  5:50  Missile Turret  
  86  5:59  Marine x2  
  86  6:00  SCV x2  
  90  6:04  Siege Tank  
Show
View Real Time Build Order
Export as new Build Order

ИИ 1 (эксперт) Protoss - Winner!

Build Orders: Colossus Rush 

Get SALT Encoding   

  12  0:00  Probe  
  13  0:13  Probe  
  14  0:20  Pylon  
  14  0:25  Probe  
  15  0:34  Probe  
  15  0:42  Probe  
  16  0:47  Assimilator  
  17  0:50  Gateway  
  17  0:52  Probe  
  18  1:00  Probe  
  18  1:01  Pylon  
  18  1:08  Probe  
  20  1:18  Probe  
  21  1:30  Probe  
  22  1:38  Zealot  
  24  1:40  Cybernetics Core  
  24  1:42  Probe  
  25  1:59  Nexus, Probe  
  25  2:07  Probe  
  27  2:15  Stalker, Warp Gate  
  27  2:16  Probe  
  30  2:28  Probe  
  30  2:29  Pylon  
  31  2:38  Gateway  
  31  2:42  Assimilator  
  31  2:46  Adept  
  31  2:47  Probe  
  34  2:58  Pylon  
  34  2:59  Probe  
  35  3:08  Adept  
  35  3:11  Probe x2  
  39  3:23  Probe  
  39  3:24  Robotics Facility  
  40  3:27  Adept  
  40  3:29  Probe  
  43  3:35  Probe  
  43  3:38  Adept  
  46  3:41  Probe  
  46  3:47  Probe  
  48  3:53  Probe  
  49  3:57  Adept  
  49  3:59  Probe  
  52  4:04  Probe  
  52  4:08  Probe  
  53  4:12  Probe  
  53  4:13  Robotics Bay  
  53  4:15  Adept  
  53  4:16  Observer, Probe  
  58  4:17  Pylon  
  58  4:20  Probe  
  58  4:23  Robotics Facility  
  59  4:27  Pylon  
  60  4:35  Stalker  
  60  4:36  Stalker  
  64  4:39  Probe  
  64  4:41  Pylon, Probe  
  66  5:01  Gateway  
  66  5:03  Colossus  
  66  5:10  Zealot  
  66  5:12  Pylon  
  66  5:13  Zealot  
  76  5:24  Pylon  
  76  5:30  Zealot  
  76  5:34  Zealot  
  80  5:44  Probe x2  
  80  5:46  Assimilator  
  80  5:49  Twilight Council  
  82  5:50  Stalker  
  82  5:53  Forge  
  82  5:55  Assimilator  
  82  5:56  Nexus  
  84  5:57  Forge  
  84  6:01  Sentry  
  86  6:09  Probe x2  
  88  6:14  Pylon  
  88  6:17  Probe  
  88  6:21  Probe  
  90  6:30  Templar Archives  
  90  6:38  Pylon  
  90  6:44  Gateway  
  90  6:59  Stalker, Photon Cannon  
  90  7:00  Pylon  
  92  7:02  Zealot x2  
  84  7:08  Probe  
  84  7:09  Probe x2  
  73  7:17  Sentry  
  73  7:19  Probe  
  73  7:21  Probe, Assimilator  
  73  7:22  High Templar, Probe, Zealot  
  74  7:23  Pylon  
  74  7:24  Assimilator  
  70  7:33  Sentry  
  70  7:35  Photon Cannon  
  75  7:38  High Templar  
Tags
 
Add a new tag
Caveats
  • Supply blocks, unpowered buildings, or Contaminate may cause inaccurate times.
  • Supply counts are checked every 10 seconds.